Map: Sludge City

Players

SulFuR - Winner!

  • Race: Zerg Zerg
  • League: Platinum
  • Spawn Location: 5:00

Nikolai - Winner!

  • Race: Terran Terran
  • Spawn Location: 5:00

neulaender

  • Race: Zerg Zerg
  • Spawn Location: 11:00

Baumdoktor

  • Race: Protoss Protoss
  • Spawn Location: 9:00

VOD

Have the link to the VOD?

Description

Time

  • Played on: Oct. 16, 2016, 11:16 a.m.
  • Length: 14:38
Show
View Real Time Build Order
Export as new Build Order

SulFuR Zerg - Winner!

Build Orders: Hatch First 

Get SALT Encoding   

  12  0:01  Drone  
  13  0:13  Overlord  
  13  0:17  Drone  
  14  0:22  Extractor  
  14  0:23  Drone  
  15  0:33  Drone  
  16  0:38  Drone  
  17  0:54  Hatchery  
  16  0:58  Drone  
  16  1:00  Drone  
  16  1:04  Extractor  
  17  1:09  Drone  
  18  1:22  Drone, Spawning Pool  
  18  1:32  Drone  
  19  1:40  Drone  
  20  1:53  Drone  
  21  2:02  Overlord  
  21  2:08  Queen  
  21  2:09  Queen  
  21  2:10  Zergling x2  
  26  2:19  Metabolic Boost  
  26  2:22  Zergling x4  
  28  2:28  Drone  
  29  2:30  Overlord  
  29  2:35  Drone  
  30  2:43  Roach Warren  
  29  2:44  Queen  
  29  2:51  Queen  
  31  2:55  Drone x2  
  35  3:03  Drone  
  35  3:05  Drone  
  37  3:07  Drone  
  38  3:13  Drone  
  38  3:14  Overlord  
  39  3:21  Lair  
  39  3:30  Extractor  
  39  3:33  Drone x4  
  42  3:37  Evolution Chamber x2, Roach  
  42  3:53  Drone  
  42  3:54  Drone x2  
  45  3:57  Extractor  
  45  4:00  Roach x3  
  45  4:01  Extractor  
  49  4:07  Drone x2  
  51  4:13  Drone  
  51  4:15  Overlord x2  
  52  4:24  Spore Crawler  
  52  4:26  Spore Crawler  
  52  4:27  Overseer  
  50  4:35  Roach x6  
  62  4:47  Drone  
  62  4:48  Drone  
  64  4:59  Hydralisk Den  
  63  5:00  Zerg Missile Weapons Level 1  
  63  5:02  Hatchery  
  62  5:16  Zerg Ground Armor Level 1  
  62  5:17  Roach  
  62  5:18  Roach x2  
  62  5:21  Glial Reconstitution  
  68  5:26  Overlord  
  68  5:50  Roach x4  
  68  5:52  Muscular Augments  
  68  5:54  Overlord  
  68  5:56  Overlord  
  76  5:59  Overseer  
  76  6:12  Infestation Pit  
  76  6:13  Zergling x8  
  58  6:40  Ravager  
  58  6:44  Roach x8  
  73  6:49  Ravager  
  74  7:08  Drone  
  75  7:09  Drone x8  
  83  7:24  Hydralisk  
  83  7:25  Hydralisk x3  
  91  7:55  Hydralisk x3  
  97  8:00  Overlord x4  
  97  8:12  Zergling x2  
  98  8:14  Overlord x3  
  98  8:15  Overlord x2  
  88  9:06  Hatchery  
  88  9:08  Drone x4  
  91  9:16  Overseer  
  91  9:31  Hydralisk  
  91  9:32  Hydralisk x10  
  91  9:36  Drone  
  91  9:37  Drone  
  115  9:39  Extractor  
  113  10:04  Baneling Nest  
  113  10:05  Roach x6  
  124  10:41  Zerg Missile Weapons Level 2, Zerg Ground Armor Level 2  
  94  10:47  Roach x6  
  88  11:32  Roach x3  
  78  11:33  Roach x11  
  90  11:46  Hive  
  90  11:47  Drone x3  
  90  11:48  Drone  
  91  12:30  Drone  
  91  12:31  Drone x15  
  91  12:34  Extractor  
  106  12:39  Hydralisk  
  108  12:44  Hatchery  
  107  13:05  Roach  
  109  13:06  Roach x7  
  98  13:28  Hydralisk x6  
  88  14:05  Hydralisk x9  
  110  14:32  Ravager  
Show
View Real Time Build Order
Export as new Build Order

Nikolai Terran - Winner!

Build Orders: MMM Bio 

Get SALT Encoding   

  12  0:01  SCV  
  13  0:14  SCV  
  14  0:19  Supply Depot  
  14  0:29  SCV  
  15  0:42  SCV  
  16  0:47  Barracks, Supply Depot  
  16  0:54  SCV  
  17  0:58  Refinery  
  17  1:06  SCV  
  18  1:17  Refinery  
  18  1:25  SCV  
  19  1:37  SCV  
  19  1:39  Marine  
  21  1:40  Barracks  
  21  1:50  Orbital Command  
  21  1:56  Marine  
  22  2:13  Factory  
  22  2:14  Marine  
  23  2:27  Marine  
  24  2:32  Marine  
  25  2:49  Command Center  
  25  2:50  Marine  
  26  2:52  SCV  
  27  2:58  Supply Depot  
  27  3:03  Factory Tech Lab  
  27  3:05  SCV  
  28  3:08  Barracks Reactor, Marine  
  29  3:17  SCV  
  30  3:20  Starport  
  30  3:29  SCV  
  30  3:31  Engineering Bay  
  31  3:39  Siege Tank  
  34  3:47  Marine x2  
  34  3:48  Barracks Tech Lab  
  36  3:49  SCV  
  37  4:02  Missile Turret, SCV  
  38  4:09  Starport Reactor  
  38  4:13  Barracks  
  38  4:15  Stimpack  
  38  4:22  Marine  
  38  4:24  Missile Turret  
  39  4:28  Orbital Command  
  39  4:37  Siege Tank  
  42  4:39  Marine  
  42  4:40  Marine  
  42  4:44  SCV  
  45  4:57  SCV x2  
  47  5:04  Barracks Reactor  
  47  5:05  Refinery  
  47  5:09  Barracks, SCV  
  48  5:15  Medivac  
  48  5:17  Siege Tank  
  53  5:21  SCV  
  53  5:28  Supply Depot  
  54  5:31  Terran Infantry Armor Level 1  
  54  5:43  Armory  
  54  5:49  SCV x2, Marine x4  
  60  5:58  Siege Tank  
  60  6:01  SCV  
  64  6:04  SCV  
  64  6:12  Barracks Tech Lab  
  64  6:13  Refinery  
  64  6:16  SCV  
  64  6:17  Barracks  
  57  6:28  Combat Shields, SCV, Marauder, Marine x2  
  57  6:30  Marine x2  
  64  6:41  SCV  
  65  6:59  Medivac  
  65  7:00  Medivac  
  69  7:01  Concussive Shells  
  69  7:02  Marine  
  69  7:06  Supply Depot  
  70  7:08  Terran Vehicle Weapons Level 1  
  70  7:16  Barracks Tech Lab  
  70  7:21  SCV, Marauder, Marine x4  
  77  7:24  Supply Depot  
  77  7:25  Terran Infantry Weapons Level 1  
  77  7:28  Marauder  
  79  7:33  SCV  
  80  7:37  Marauder  
  80  7:38  Engineering Bay  
  80  7:39  Marine x3  
  85  7:46  SCV, Viking, Marauder  
  90  7:58  SCV  
  91  8:11  SCV  
  78  8:38  Marine, Marauder  
  78  8:39  Marine x3, Marauder x2  
  88  8:41  Viking  
  88  8:42  Terran Infantry Armor Level 2, Viking  
  92  8:51  Barracks  
  92  8:56  Marine  
  92  8:57  Marine x3  
  92  8:59  Marine  
  92  9:00  Marine  
  98  9:14  Marine  
  98  9:15  Marine x3  
  102  9:23  Barracks Reactor  
  102  9:24  Siege Tank, Marine x2  
  102  9:25  Supply Depot  
  107  9:32  Marine x2  
  109  9:43  Barracks Tech Lab  
  109  9:45  Marine  
  110  9:47  Medivac x2, Marauder x2  
  110  9:50  Terran Infantry Weapons Level 2, Armory  
  114  10:08  Marauder x2  
  111  10:41  Supply Depot  
  101  11:03  Supply Depot  
  85  11:23  Marine x2, Marauder x3  
  85  11:24  Marine x4  
  85  11:25  Siege Tank  
  96  11:26  Medivac x2  
  96  11:27  Terran Infantry Armor Level 3, Supply Depot  
  96  11:41  Marine x6  
  96  11:44  Marauder x2, Marine  
  106  11:59  Marine x6  
  112  12:02  Marine  
  111  12:09  Marauder x2  
  115  12:16  Marine  
  115  12:17  Marine  
  117  12:28  Terran Vehicle And Ship Armor Level 1  
  117  12:30  Command Center  
  117  12:57  Viking x2  
  121  13:01  Marine, Marauder x2  
  126  13:27  Viking x2  
  121  13:43  Command Center  
  121  13:57  Viking  
Show
View Real Time Build Order
Export as new Build Order

neulaender Zerg 

Build Orders: Hatch First 

Get SALT Encoding   

  12  0:01  Drone  
  13  0:13  Overlord  
  13  0:18  Drone  
  14  0:31  Drone x2  
  16  0:50  Hatchery  
  15  1:05  Spawning Pool  
  15  1:08  Drone  
  15  1:15  Drone  
  15  1:16  Drone  
  17  1:27  Drone  
  18  1:41  Overlord  
  18  1:43  Drone  
  18  1:45  Extractor  
  18  1:54  Queen  
  18  1:55  Zergling x2  
  21  2:03  Drone  
  22  2:20  Queen  
  22  2:21  Drone x2  
  25  2:29  Drone x2  
  27  2:41  Extractor  
  27  2:42  Drone  
  27  2:43  Drone x2  
  29  2:47  Extractor  
  29  2:48  Drone  
  29  2:49  Drone  
  30  2:59  Baneling Nest  
  30  3:03  Drone  
  30  3:04  Drone x2  
  32  3:05  Zergling x2  
  33  3:17  Lair  
  33  3:21  Roach Warren  
  33  3:22  Drone x3  
  33  3:23  Drone  
  36  3:29  Overlord  
  36  3:35  Overlord  
  36  3:47  Zergling x4  
  36  3:48  Zergling x8  
  42  3:49  Zergling x2  
  43  4:00  Drone x2  
  45  4:03  Drone x3  
  45  4:05  Metabolic Boost  
  45  4:09  Evolution Chamber  
  47  4:10  Evolution Chamber  
  47  4:16  Baneling x3  
  45  4:17  Baneling x3  
  45  4:22  Centrifical Hooks  
  45  4:26  Drone  
  45  4:27  Drone  
  47  4:36  Zerg Melee Weapons Level 1  
  47  4:38  Zergling x2  
  47  4:39  Zergling x6  
  47  4:40  Overlord  
  51  4:46  Zergling x2  
  52  4:53  Glial Reconstitution  
  52  4:57  Overlord  
  52  5:06  Zergling x10  
  52  5:07  Zergling x6  
  60  5:08  Overlord  
  60  5:16  Drone  
  60  5:18  Zerg Ground Armor Level 1  
  61  5:28  Drone  
  62  5:30  Drone  
  62  5:34  Extractor  
  62  5:36  Drone x4  
  66  5:44  Drone x2  
  66  5:45  Drone  
  69  5:53  Hatchery  
  69  5:55  Roach x4  
  76  6:02  Spore Crawler, Spine Crawler  
  74  6:04  Spine Crawler  
  74  6:09  Drone  
  74  6:10  Spore Crawler  
  72  6:17  Roach  
  74  6:20  Overlord x3  
  74  6:22  Pneumatized Carapace  
  74  6:33  Zerg Missile Weapons Level 1  
  56  6:42  Roach  
  56  6:43  Roach x4  
  62  6:56  Roach x3  
  68  7:08  Roach x7  
  82  7:11  Zerg Melee Weapons Level 2, Drone  
  82  7:13  Drone  
  84  7:16  Drone  
  85  7:25  Overseer  
  85  7:27  Infestation Pit, Roach  
  85  7:28  Roach x2  
  90  7:34  Queen  
  90  7:36  Burrow  
  92  7:38  Drone x5  
  92  7:42  Roach  
  92  7:43  Roach  
  101  7:46  Zergling x4  
  105  7:51  Roach  
  105  7:54  Zergling x2  
  106  8:06  Hydralisk Den  
  102  8:27  Zerg Ground Armor Level 2  
  96  8:53  Muscular Augments  
  96  8:54  Roach  
  96  8:55  Roach x3  
  104  8:57  Overlord x3  
  104  8:58  Overlord x4  
  104  8:59  Overseer x2  
  104  9:09  Extractor  
  103  9:10  Extractor  
  102  9:27  Hydralisk  
  102  9:28  Hydralisk x14  
  132  9:33  Drone  
  132  9:35  Drone  
  134  9:42  Zerg Missile Weapons Level 2  
  134  9:49  Drone x3  
  134  9:50  Drone  
  134  9:51  Drone x2, Overlord  
  134  9:52  Overlord  
  140  10:04  Spine Crawler  
  140  10:05  Spine Crawler  
  138  10:16  Lurker Den  
  138  10:17  Hydralisk  
  138  10:18  Hydralisk x4  
  138  10:20  Zergling x2  
  149  10:27  Zergling x8, Hydralisk x6  
  153  10:32  Roach  
  121  10:46  Hive  
  81  10:55  Roach x2  
  81  10:56  Roach x7  
  89  11:06  Hatchery  
  85  11:14  Zergling x20  
  85  11:15  Zergling x10  
  92  11:29  Roach x5  
  96  11:38  Baneling  
  96  11:39  Baneling x13  
  87  11:42  Zergling x4  
  87  11:44  Zergling x2  
  89  12:04  Hydralisk x5  
  89  12:05  Hydralisk  
  95  12:16  Queen  
  95  12:20  Drone  
  98  12:27  Hatchery  
  97  12:42  Roach x5  
  107  13:07  Drone x5  
  107  13:12  Drone x3  
  99  13:28  Roach x6  
  99  13:33  Zergling x2  
  99  13:34  Zergling x4  
  75  13:53  Zergling x2  
  75  13:54  Zergling x24  
Show
View Real Time Build Order
Export as new Build Order

Baumdoktor Protoss 

Build Orders:  

Get SALT Encoding   

  12  0:02  Probe (Chrono Boost)  
  13  0:14  Pylon  
  13  0:18  Probe (Chrono Boost)  
  14  0:29  Probe (Chrono Boost)  
  15  0:39  Probe (Chrono Boost)  
  15  0:40  Gateway  
  17  0:50  Probe (Chrono Boost)  
  17  1:00  Probe (Chrono Boost)  
  17  1:02  Pylon  
  18  1:11  Assimilator  
  18  1:13  Probe (Chrono Boost)  
  18  1:15  Assimilator  
  19  1:19  Gateway  
  20  1:25  Probe (Chrono Boost)  
  20  1:29  Zealot  
  22  1:38  Probe (Chrono Boost)  
  23  1:48  Cybernetics Core  
  23  1:49  Probe (Chrono Boost)  
  24  1:59  Forge  
  24  2:01  Probe (Chrono Boost)  
  25  2:07  Zealot  
  27  2:15  Zealot  
  29  2:32  Warp Gate  
  29  2:45  Nexus  
  29  2:53  Probe (Chrono Boost)  
  30  3:02  Pylon  
  30  3:08  Pylon  
  30  3:12  Protoss Ground Weapons Level 1  
  30  3:20  Sentry, Stalker  
  30  3:25  Probe (Chrono Boost)  
  35  3:35  Probe (Chrono Boost)  
  36  3:50  Probe (Chrono Boost)  
  37  3:57  Gateway  
  37  3:59  Gateway  
  39  4:03  Mothership Core (Chrono Boost)  
  39  4:34  Photon Cannon  
  39  4:52  Protoss Ground Armor Level 1, Stalker  
  41  4:53  Stalker  
  41  4:56  Stalker x2  
  47  5:07  Probe (Chrono Boost)  
  47  5:12  Probe (Chrono Boost)  
  49  5:18  Probe (Chrono Boost), Assimilator  
  50  5:22  Assimilator  
  50  5:24  Probe (Chrono Boost)  
  51  5:28  Probe (Chrono Boost)  
  51  5:29  Stalker x2  
  51  5:30  Stalker x2  
  61  5:36  Probe (Chrono Boost)  
  61  5:39  Probe (Chrono Boost)  
  61  5:40  Gateway  
  62  5:47  Twilight Council  
  62  5:51  Pylon  
  62  5:56  Pylon  
  62  6:00  Pylon  
  62  6:09  Probe (Chrono Boost)  
  63  6:20  Probe (Chrono Boost)  
  64  6:33  Stalker x4  
  72  7:00  Stalker x3  
  72  7:01  Stalker x2  
  82  7:14  Probe (Chrono Boost)  
  83  7:20  Gateway  
  83  7:23  Protoss Ground Weapons Level 2  
  83  7:25  Gateway, Probe (Chrono Boost)  
  83  7:27  Pylon  
  84  7:32  Pylon  
  84  7:35  Probe (Chrono Boost)  
  84  7:36  Charge  
  85  7:40  Pylon  
  85  7:44  Pylon  
  85  7:46  Probe (Chrono Boost)  
  86  7:52  Pylon  
  86  7:56  Probe (Chrono Boost)  
  85  8:02  Stalker x2  
  85  8:03  Stalker x3  
  83  8:37  Stalker  
  83  8:38  Stalker x3  
  83  8:39  Stalker  
  93  8:55  Stargate  
  93  8:56  Stargate  
  93  9:16  Blink  
  93  9:17  Robotics Facility  
  93  9:20  Nexus  
  93  9:28  Nexus  
  93  9:33  Assimilator  
  93  9:36  Assimilator  
  93  9:38  Stalker x3  
  93  9:39  Stalker  
  93  9:42  Zealot  
  93  9:44  Assimilator  
  103  9:48  Assimilator  
  81  10:23  Zealot x5  
  53  10:57  Adept x3  
  53  10:58  Adept x2  
  62  11:17  Resonating Glaives  
  58  11:20  Adept x2  
  58  11:21  Adept x5  
  44  11:35  Mothership Core (Chrono Boost)  
  46  11:40  Void Ray x2  
  50  11:56  Robotics Bay  
  50  11:57  Probe (Chrono Boost)  
  50  12:01  Adept x2  
  53  12:07  Probe (Chrono Boost)  
  56  12:18  Probe (Chrono Boost)  
  57  12:24  Probe (Chrono Boost)  
  57  12:29  Probe (Chrono Boost)  
  59  12:35  Probe (Chrono Boost)  
  60  12:39  Probe (Chrono Boost)  
  65  12:45  Probe (Chrono Boost)  
  65  12:46  Colossus  
  65  12:49  Extended Thermal Lance  
  68  12:56  Probe (Chrono Boost)  
  69  13:06  Probe (Chrono Boost)  
  70  13:17  Probe (Chrono Boost)  
  70  13:19  Stalker x5  
  81  13:20  Stalker x2  
  85  13:27  Probe (Chrono Boost)  
  68  13:51  Zealot x6  
  68  13:52  Zealot  
  60  14:23  Adept x2  
  60  14:24  Adept x4  
Tags
 
Add a new tag
Caveats
  • Supply blocks, unpowered buildings, or Contaminate may cause inaccurate times.
  • Supply counts are checked every 10 seconds.